 Dungeon Crawl Stone Soup version 0.21-a0-104-g7b58145 (webtiles) character file.

503989 KristoblXynda the Tortoise (level 24, -11/187 HPs)
             Began as a Demonspawn Gladiator on July 5, 2017.
             Was the Champion of Okawaru.
             Mangled by a Hell Sentinel (19 damage)
             ... summoned by a deep elf demonologist
             ... on level 5 of the Vaults.
             The game lasted 02:47:01 (51631 turns).

KristoblXynda the Tortoise (Demonspawn Gladiator)  Turns: 51631, Time: 02:47:31

Health: -11/187    AC: 33    Str: 22    XL:     24   Next: 10%
Magic:  0/37       EV: 11    Int: 20    God:    Okawaru [******]
Gold:   3333       SH:  8    Dex: 16    Spells: 16/31 levels left

rFire    + + .     SeeInvis +   T - +8 broad axe (drain)
rCold    + + .     Gourm    .   l - +1 buckler {rC+ rF+}
rNeg     . . .     Faith    .   U - +11 gold dragon scales
rPois    +         Spirit   +   p - +1 hat {SInv}
rElec    .         Reflect  .   j - scarf {repulsion}
rCorr    .         Harm     .   (gloves unavailable)
MR       +....                  J - +0 pair of boots "Vodek" {Str-3 Int+5 SInv}
Stlth    ..........             b - amulet of guardian spirit
HPRegen  0.41/turn              B - +3 ring of slaying
MPRegen  0.25/turn              w - +5 ring of strength

@: finesse, corroded, repel missiles
A: antennae 1, claws 3, icy blue scales 2, powered by pain 3, shaggy fur 1,
spiny 2, augmentation 2
}: 2/15 runes: decaying, serpentine
a: Heroism, Finesse, Renounce Religion


You were on level 5 of the Vaults.
You worshipped Okawaru.
Okawaru was exalted by your worship.
You were not hungry.

You visited 8 branches of the dungeon, and saw 42 of its levels.
You also visited: Labyrinth and Sewer.

You collected 5013 gold pieces.
You spent 1680 gold pieces at shops.

Inventory:

Hand Weapons
 c - a +4 war axe of flaming
 T - a +8 broad axe of draining (weapon)
Missiles
 d - 10 throwing nets (quivered)
Armour
 j - a scarf of repulsion (worn)
 l - a +1 buckler of resistance (worn)
 p - a +1 hat of see invisible (worn)
 J - the +0 pair of boots "Vodek" (worn) {Str-3 Int+5 SInv}
   (Okawaru gifted it to you on level 2 of the Swamp)

   It affects your strength (-3).
   It affects your intelligence (+5).
   It lets you see invisible.
 U - +11 gold dragon scales (worn)
Jewellery
 b - an amulet of guardian spirit (around neck)
 e - an uncursed amulet of faith {unknown}
 w - a +5 ring of strength (right claw)
 B - a +3 ring of slaying (left claw)
Wands
 n - a wand of acid (12/15)
 t - a wand of clouds (6/9)
Scrolls
 s - 2 scrolls of magic mapping
 y - 5 scrolls of fog
 z - 3 scrolls of recharging
 D - 16 scrolls of remove curse
 E - 2 scrolls of immolation
 G - 6 scrolls of amnesia
 L - 4 scrolls of identify
Potions
 g - a potion of cancellation
 h - 2 potions of curing
 x - 6 potions of agility
 A - 2 potions of invisibility
 C - 2 potions of magic
 H - 2 potions of might
 I - 5 potions of flight
 K - 8 potions of brilliance
Books
 r - the Incunabulum of Mutagenic Curses
   (You found it on level 3 of the Vaults)

   Spells                             Type                      Level
   a - Confusing Touch                Hexes                        1
   b - Beastly Appendage              Transmutation                1
   c - Slow                           Hexes                        2
   d - Sticks to Snakes               Transmutation                2
   e - Confuse                        Hexes                        3
   f - Tukima's Dance                 Hexes                        3
   g - Spider Form                    Transmutation/Poison         3
Miscellaneous
 i - a lightning rod (2/4)
 N - a sack of spiders
 P - a fan of gales (inert)
 W - a box of beasts
Comestibles
 f - 23 bread rations
 v - 2 fruits
 M - 8 meat rations


   Skills:
 + Level 14.9 Fighting
 + Level 17.5 Axes
 - Level 1.7 Throwing
 + Level 20.7 Armour
 - Level 10.8 Dodging
 - Level 11.9 Shields
 - Level 4.0 Spellcasting
 - Level 20.0 Invocations
 + Level 12.6 Evocations


You had 16 spell levels left.
You knew the following spells:

 Your Spells              Type           Power        Failure   Level  Hunger
a - Summon Butterflies    Summ           #.......     94%         1    None
b - Regeneration          Chrm/Necr      #.........   100%        3    ###....
c - Silence               Hex/Air        #.........   100%        5    ######.
d - Deflect Missiles      Chrm/Air       #.........   100%        6    #######


Dungeon Overview and Level Annotations

Branches:
Dungeon (15/15)            Temple (1/1) D:7            Lair (6/6) D:10
  Swamp (4/4) Lair:3        Snake (4/4) Lair:4        Slime (0/5) Lair:5
    Orc (2/2) D:9             Elf (0/3) Orc:2        Vaults (5/5) D:13
  Crypt (0/3) Vaults:2     Depths (5/5) D:15
    Zot: Depths:5

Altars:
Ashenzari
Cheibriados
Dithmenos
Elyvilon
Fedhas
Gozag
Hepliaklqana
Kikubaaqudgha
Makhleb
Nemelex Xobeh
Okawaru
Qazlal
Ru
Sif Muna
Trog
Uskayaw
Vehumet
Wu Jian
Xom
Yredelemnul
Zin
The Shining One
Beogh
Jiyva

Shops:
D:4 !   D:7 ?[**?   D:8 *   Orc:2 [(!(   Snake:1 ?   Snake:3 %[(   Vaults:2 *

Portals:
Hell: Depths:1 Depths:2 Depths:3 Depths:4
Abyss: Depths:1 Depths:3
Pandemonium: Depths:2 Depths:3 Depths:5
Ziggurat: Depths:2

Annotations:
Lair:3 exclusion: oklob plant
Lair:6 exclusion: oklob plant


Innate Abilities, Weirdness & Mutations

You have claws for hands.
You are mostly covered in icy blue scales. (AC +3)
You are powered by pain.
You are mostly covered in sharp spines.
Your magical and physical power is enhanced at high health.
You have a pair of small antennae on your head.
You are covered in fur. (AC +1)


Message History

A stone giant comes into view.
You feel better.
You are engulfed in blazing flames.
You resist.
* * * LOW HITPOINT WARNING * * *
The battlesphere is engulfed in blazing flames. x2
The vault warden is engulfed in blazing flames.
The rust devil is struck by your spines.
The rust devil hits you. The rust devil corrodes you!
The fire giant is engulfed in blazing flames.
The titan is engulfed in blazing flames.
The deep elf mage is engulfed in blazing flames.
The deep elf mage mumbles some strange words.
The deep elf mage blinks!
The deep elf mage is engulfed in blazing flames.
The deep elf mage mumbles some strange words.
The deep elf mage blinks!
The battlesphere is engulfed in blazing flames.
The tentacled monstrosity is engulfed in blazing flames.
The Hell Sentinel is struck by your spines.
The Hell Sentinel hits you!!
You die...

... ..# .... .%#
.#.%#####e%#
...C..#§§§§#
.Q.%§§#§§%§#
#%.§§§§§e.#
#...§§§§§.#
###.)#@§###
#.§§§§41§§#....# .#
#.*%C2X))§#.%..#...
p..QC§#.Z%Q#e...#...
%%.%.%#.p§§§e%...%§.
##########§§C..e.%##
[.%.p§§Cp......
...%%§§eXQW....
..%..))<))*.W.%


You could see a Hell Sentinel, 2 tentacled monstrosities, 2 titans, a fire
giant, 2 stone giants, 2 vault wardens, 4 tengu reavers, a lorocyproca
(invisible), a deep elf annihilator (inner flame), an ironbrand convoker (inner
flame), a rust devil, 3 deep elf magi, a battlesphere and a vault warden zombie.

Vanquished Creatures
  A juggernaut (Depths:4)
  Frederick (Vaults:5)
  Nikola (Depths:2)
  Jorgrun (Vaults:4)
  Asterion (Vaults:3)
  2 tentacled monstrosities
  2 quicksilver dragons
  3 liches
  4 titans
  The ghost of removed the Black Belt, an adept DsGl of Uskayaw (Snake:4)
  Kirke (Snake:1)
  3 storm dragons (Vaults:5)
  5 sphinxes
  2 thorn hunters
  6 nagarajas
  3 tengu reavers
  5 fire giants
  An orc warlord (Orc:2)
  4 frost giants
  5 vault wardens
  2 deep elf sorcerers
  A draconian shifter (Depths:5)
  A draconian scorcher (Depths:5)
  9 ironheart preservers
  Aizul (Swamp:1)
  23 stone giants
  An entropy weaver (Vaults:2)
  23 very ugly things
  A green draconian (Depths:5)
  A vampire knight (Depths:5)
  2 yellow draconians (Depths:5)
  2 deep elf demonologists (Vaults:4)
  A red draconian (Depths:5)
  2 deep elf annihilators
  A white draconian (Depths:5)
  A lorocyproca (Depths:2)
  4 spark wasps
  A minotaur (Lab)
  Snorg (Lair:6)
  4 fire dragons
  6 yaktaur captains
  A deep elf death mage (Vaults:5)
  9 ettins
  7 rakshasas
  Erolcha (D:11)
  9 ice dragons
  4 great orbs of eyes
  17 naga warriors
  Harold (D:12)
  26 hydras
  27 vault guards
  An ice dragon (shapeshifter) (Depths:3)
  A merfolk avatar (Lair:6)
  Erica (D:11)
  A ghost crab (Swamp:1)
  18 anacondas
  2 death knights
  A dancing weapon (Vaults:5)
  16 ogre magi
  12 alligators
  9 centaur warriors
  53 two-headed ogres
  8 death yaks
  10 deep troll shamans
  A queen ant (shapeshifter) (Vaults:3)
  10 deep troll earth magi
  9 tengu warriors
  11 naga sharpshooters
  Urug (D:11)
  6 vampire magi
  2 sun demons
  An orc high priest (Orc:2)
  4 spriggan berserkers
  A shock serpent (shapeshifter) (Depths:3)
  Nergalle (Lair:1)
  19 shock serpents
  7 deep elf knights
  A sixfirhy (Depths:3)
  8 skeletal warriors
  2 iron trolls
  2 shadow wraiths (Vaults:2)
  A sea snake (Lair:6)
  A fire crab (shapeshifter) (Vaults:1)
  8 salamander mystics
  An unseen horror (D:14)
  9 swamp dragons
  7 wizards
  2 flayed ghosts
  7 naga ritualists
  A glowing orange brain (shapeshifter) (Depths:3)
  4 deep elf archers
  4 shambling mangroves
  A spriggan druid (Swamp:2)
  12 ironbrand convokers
  30 deep trolls
  A glowing orange brain (Vaults:2)
  16 orc knights
  The ghost of Duffy the Cleaver, a novice NaGl of Uskayaw (D:6)
  14 deep elf magi
  A phantasmal warrior (Vaults:5)
  10 mana vipers
  5 necromancers
  2 wolf spider zombies (D:15)
  35 ugly things
  4 lindwurms (Snake:4)
  2 orc sorcerers
  2 wolf spiders
  5 cyclopes
  A manticore (shapeshifter) (Depths:3)
  A tengu skeleton (Vaults:3)
  An iron dragon zombie (D:15)
  3 manticores
  7 elephants (Lair:6)
  16 salamanders
  A black mamba (shapeshifter) (Depths:1)
  A stone giant skeleton (D:15)
  10 guardian serpents
  2 guardian serpents (shapeshifter)
  A human skeleton (Vaults:3)
  The ghost of anet the Magician, a novice DEWz (D:5)
  2 rust devils
  34 black mambas
  27 naga magi
  14 vault sentinels
  2 gargoyles
  22 spiny frogs
  2 torpor snails
  A spiny frog (shapeshifter) (Depths:3)
  3 freezing wraiths
  A yaktaur zombie (D:15)
  7 rime drakes (Lair:6)
  42 yaktaurs
  4 kobold demonologists (D:15)
  12 komodo dragons
  2 hellwings (Depths:2)
  A tormentor (Depths:3)
  A spriggan skeleton (D:15)
  4 tengu conjurers
  10 trolls
  A meliai (shapeshifter) (Depths:3)
  A polar bear (Lair:6)
  6 tyrant leeches
  10 blink frogs
  14 hornets
  9 bog bodies
  70 slime creatures
  A hippogriff (shapeshifter) (Depths:3)
  A raiju (shapeshifter) (Depths:3)
  A stone giant simulacrum (Vaults:1)
  6 hippogriffs
  A fire giant simulacrum (Vaults:3)
  2 snapping turtles (shapeshifter)
  7 spriggans
  16 redbacks
  58 yaks
  4 shadows
  A tarantella (shapeshifter) (Vaults:4)
  6 water elementals
  A vampire (D:11)
  A basilisk (shapeshifter) (Depths:3)
  2 humans (shapeshifter)
  3 wyverns
  7 wraiths
  6 basilisks
  19 humans (D:13)
  5 hogs (Snake:1)
  A golden eye (shapeshifter) (Depths:3)
  2 steam dragons
  3 hungry ghosts
  32 nagas
  29 vampire mosquitoes
  A chaos spawn (Depths:3)
  6 wargs
  15 swamp worms
  12 insubstantial wisps
  A floating eye (shapeshifter) (Depths:2)
  An acid dragon (shapeshifter) (Vaults:3)
  13 water moccasins
  4 acid dragons
  A floating eye (Depths:3)
  13 porcupines
  2 soldier ants
  48 orc warriors
  2 ice beasts
  3 black bears
  40 ogres
  10 swamp drakes
  2 phantoms
  5 sky beasts
  2 eyes of draining (shapeshifter)
  20 centaurs
  A necrophage (D:5)
  5 boggarts (Depths:3)
  A centaur (shapeshifter) (Depths:3)
  14 crocodiles
  8 big kobolds
  21 bullfrogs
  The ghost of KristoblXynda the Sneak, an amateur SpEn (D:3)
  2 gnoll sergeants (D:10)
  A human simulacrum (Vaults:1)
  A deep troll simulacrum (Vaults:3)
  A glowing shapeshifter simulacrum (Vaults:5)
  A wyvern skeleton (D:12)
  A water moccasin skeleton (D:6)
  2 scorpions
  An elf simulacrum (Vaults:3)
  3 electric eels
  20 wights
  A howler monkey (D:8)
  6 crimson imps
  4 centaur zombies
  2 bullfrog zombies
  A quasit (D:7)
  10 hounds
  12 jellies
  19 orc priests
  6 centaur skeletons
  41 orc wizards
  2 bullfrog skeletons (D:10)
  2 iguanas
  Crazy Yiuf (D:2)
  13 worker ants
  2 hound skeletons
  A howler monkey zombie (D:7)
  2 worker ant zombies
  19 adders
  7 gnolls (D:10)
  5 river rats (Sewer)
  3 shadow imps
  An adder zombie (D:8)
  An ooze (D:2)
  An adder skeleton (D:8)
  A worm (shapeshifter) (Vaults:4)
  3 worms
  2 dart slugs (D:1)
  7 leopard geckos
  114 orcs
  6 bats (D:1)
  8 giant cockroaches
  10 goblins
  7 hobgoblins
  2 jackals (D:1)
  5 quokkas
  7 ball pythons
  5 frilled lizards
  43 kobolds
  A quokka zombie (D:6)
  26 rats
  2 briar patches (Swamp:4)
  2 bushes (Depths:2)
  A butterfly (Lair:4)
  2 fungi (Lair:6)
  A plant (Lair:6)
1911 creatures vanquished.

Vanquished Creatures (collateral kills)
  A tengu reaver (Depths:3)
  An ironheart preserver (Vaults:3)
  A two-headed ogre (Vaults:3)
  A deep troll shaman (Depths:1)
  An ogre mage (Vaults:3)
  2 deep trolls
  A yaktaur (Vaults:3)
  A troll (shapeshifter) (Depths:3)
  A wind drake (shapeshifter) (Depths:3)
10 creatures vanquished.

Vanquished Creatures (others)
  A stone giant (Depths:2)
  A deep elf annihilator (Vaults:4)
  An unseen horror (D:15)
  A deep elf archer (Vaults:1)
  3 deep elf magi
  A naga mage (Snake:4)
  A naga (Snake:4)
  A sky beast (D:12)
  An ogre (Vaults:3)
  A centaur (D:10)
  An orc priest (Vaults:1)
  A gnoll (D:10)
  A quokka (D:4)
  3 briar patches (Swamp:4)
  28 bushes
  13 fungi (Lair:6)
  36 plants
  10 withered plants (D:15)
105 creatures vanquished.

Grand Total: 2026 creatures vanquished

Notes
Turn   | Place    | Note
-------+----------+-------------------------------------------
     0 | D:1      | KristoblXynda the Demonspawn Gladiator began the quest for the Orb.
     0 | D:1      | Reached XP level 1. HP: 16/16 MP: 1/1
    75 | D:1      | Gained mutation: You are partially covered in sharp spines. [demonic ancestry]
    75 | D:1      | Reached XP level 2. HP: 13/22 MP: 2/2
    81 | D:1      | Reached skill level 1 in Armour
   594 | D:1      | Gained mutation: You sometimes gain a little power by taking damage. [demonic ancestry]
   594 | D:1      | Reached XP level 3. HP: 26/27 MP: 3/3
   785 | D:2      | Found a faded altar of an unknown god.
   950 | D:2      | Found a runed door.
  1185 | D:2      | Gained mutation: You sometimes gain power by taking damage. [demonic ancestry]
  1185 | D:2      | Reached XP level 4. HP: 26/33 MP: 4/4
  1229 | D:2      | Found a bloodstained altar of Trog.
  1230 | D:2      | Found a glowing silver altar of Zin.
  1609 | D:3      | Noticed KristoblXynda's ghost (amateur SpEn)
  1633 | D:3      | Killed KristoblXynda's ghost
  1633 | D:3      | Gained mutation: You are partially covered in icy blue scales. (AC +2) [demonic ancestry]
  1633 | D:3      | Reached XP level 5. HP: 30/38 MP: 5/5
  1659 | D:3      | Found a shattered altar of Ashenzari.
  1721 | D:3      | Found a glowing golden altar of the Shining One.
  2311 | D:2      | Noticed Crazy Yiuf
  2315 | D:2      | Killed Crazy Yiuf
  2510 | D:4      | Found an iron altar of Okawaru.
  2578 | D:4      | Became a worshipper of Warmaster Okawaru
  2604 | D:4      | Found Faprer's Distillery.
  3070 | D:4      | Found a white marble altar of Elyvilon.
  3441 | D:5      | Entered Level 5 of the Dungeon
  3454 | D:5      | Gained mutation: You have sharp fingernails. [demonic ancestry]
  3454 | D:5      | Reached XP level 6. HP: 42/44 MP: 6/6
  3506 | D:5      | Reached skill level 1 in Shields
  3706 | D:5      | Reached XP level 7. HP: 47/50 MP: 7/7
  3716 | D:5      | Reached * piety under Okawaru
  3716 | D:5      | Reached skill level 5 in Axes
  3819 | D:5      | Noticed anet's ghost (novice DEWz)
  3848 | D:5      | Killed anet's ghost
  3848 | D:5      | Reached ** piety under Okawaru
  4014 | D:5      | Gained mutation: You are mostly covered in icy blue scales. (AC +3) [demonic ancestry]
  4014 | D:5      | Reached XP level 8. HP: 39/56 MP: 8/8
  4495 | D:5      | Reached skill level 5 in Armour
  4650 | D:6      | Noticed Duffy's ghost (novice NaGl)
  4653 | D:6      | Gained mutation: You are dopey. (Int -2) [potion of mutation]
  4653 | D:6      | Gained mutation: Your spells are a little harder to cast, but a little more powerful. [potion of mutation]
  4653 | D:6      | Gained mutation: Your muscles are strong. (Str +2) [potion of mutation]
  4669 | D:6      | Killed Duffy's ghost
  4934 | D:6      | Reached *** piety under Okawaru
  4934 | D:6      | Gained mutation: You are mostly covered in sharp spines. [demonic ancestry]
  4934 | D:6      | Reached XP level 9. HP: 61/61 MP: 10/12
  5010 | D:6      | Got a shimmering long sword
  5011 | D:6      | Identified the +7 long sword "Ocox" {venom, MR+} (You found it on level 6 of the Dungeon)
  5217 | D:6      | Gained mutation: You are robust. (+10% HP) [mutagenic meat]
  5220 | D:6      | Gained mutation: You are very robust. (+20% HP) [mutagenic meat]
  5397 | D:6      | Found a glowing drain.
  5406 | Sewer    | Entered a sewer
  5438 | Sewer    | Reached skill level 5 in Invocations
  6448 | D:7      | Found Bonwamos's Magic Scroll Shoppe.
  6459 | D:7      | Bought a scroll of identify for 32 gold pieces
  6541 | D:7      | Found a sparkling altar of Nemelex Xobeh.
  6752 | D:7      | Reached **** piety under Okawaru
  6795 | D:7      | Found a staircase to the Ecumenical Temple.
  6822 | Temple   | Entered the Ecumenical Temple
  7011 | D:7      | Found Hoklen's Magic Scroll Emporium.
  7049 | D:7      | Found Vusoemad's Assorted Antiques.
  7063 | D:7      | Found Boebod's Assorted Antiques.
  7274 | D:7      | Found Recricuxt's Armour Boutique.
  7558 | D:8      | Found an opulent altar of Gozag.
  7690 | D:8      | Found a transporter.
  7698 | D:8      | Found a transporter.
  7702 | D:8      | Found a snail-covered altar of Cheibriados.
  7714 | D:8      | Noticed a two-headed ogre
  7841 | D:8      | Reached XP level 10. HP: 66/80 MP: 15/15
  7971 | D:8      | Found Jedischa's General Store.
  8121 | D:8      | Found a hazy altar of Hepliaklqana.
  8364 | D:9      | Found a staircase to the Orcish Mines.
  8855 | D:9      | Noticed a deep elf mage
  8876 | D:9      | Killed a deep elf mage
  9004 | Orc:1    | Entered Level 1 of the Orcish Mines
  9279 | D:10     | Entered Level 10 of the Dungeon
  9384 | D:10     | Reached ***** piety under Okawaru
  9421 | D:10     | Reached skill level 10 in Invocations
  9659 | D:10     | Found a staircase to the Lair.
  9754 | D:10     | Gained mutation: You have very sharp fingernails. [demonic ancestry]
  9754 | D:10     | Reached XP level 11. HP: 86/86 MP: 18/18
  9764 | D:10     | Received a gift from Okawaru
 10410 | D:10     | Noticed a two-headed ogre
 10418 | D:10     | Killed a two-headed ogre
 10498 | Lair:1   | Entered Level 1 of the Lair of Beasts
 10619 | Lair:1   | Reached skill level 1 in Evocations
 10778 | Lair:1   | Noticed Nergalle
 10803 | Lair:1   | Killed Nergalle
 10803 | Lair:1   | Reached skill level 10 in Axes
 11485 | Lair:2   | Reached skill level 10 in Armour
 12338 | Lair:3   | Found a labyrinth entrance.
 12354 | Lab      | Entered a labyrinth
 12422 | Lab      | Noticed a minotaur
 12436 | Lab      | Killed a minotaur
 12436 | Lab      | Received a gift from Okawaru
 12489 | Lair:3   | Found a staircase to the Swamp.
 12506 | Lair:3   | Reached XP level 12. HP: 32/93 MP: 19/19
 13105 | Lair:3   | Reached skill level 5 in Evocations
 13513 | Lair:4   | Found a staircase to the Snake Pit.
 13810 | Lair:4   | Noticed a six-headed hydra
 13819 | Lair:4   | Killed a two-headed hydra
 13819 | Lair:4   | Reached ****** piety under Okawaru
 13826 | Lair:4   | Noticed a six-headed hydra
 13838 | Lair:4   | Killed a one-headed hydra
 13929 | Lair:4   | Received a gift from Okawaru
 14738 | Lair:5   | Found a viscous altar of Jiyva.
 14739 | Lair:5   | Found a staircase to the Slime Pits.
 14913 | Lair:5   | Reached skill level 5 in Shields
 15160 | Lair:5   | Noticed a death yak
 15161 | Lair:5   | Noticed a death yak
 15161 | Lair:5   | Noticed a death yak
 15162 | Lair:5   | Noticed a death yak
 15192 | Lair:5   | Killed a death yak
 15200 | Lair:5   | Killed a death yak
 15215 | Lair:5   | Killed a death yak
 15224 | Lair:5   | Killed a death yak
 15224 | Lair:5   | Received a gift from Okawaru
 15224 | Lair:5   | Gained mutation: You have claws for hands. [demonic ancestry]
 15224 | Lair:5   | Reached XP level 13. HP: 77/99 MP: 20/20
 15372 | Lair:5   | Identified the Compendium of Shifting Toxins
 15853 | Lair:6   | Entered Level 6 of the Lair of Beasts
 16126 | Lair:6   | Received a gift from Okawaru
 16735 | Lair:6   | Received a gift from Okawaru
 16984 | Lair:6   | Received a gift from Okawaru
 17336 | Lair:6   | Noticed Snorg
 17343 | Lair:6   | Killed Snorg
 17915 | Lair:6   | Gained mutation: Your magical and physical power is slightly enhanced at high health. [demonic ancestry]
 17915 | Lair:6   | Reached XP level 14. HP: 101/108 MP: 21/21
 18391 | Orc:1    | Paralysed by an orc sorcerer for 7 turns
 18795 | Orc:2    | Entered Level 2 of the Orcish Mines
 18944 | Orc:2    | Found a staircase to the Elven Halls.
 18995 | Orc:2    | Found a roughly hewn altar of Beogh.
 19088 | Orc:2    | Found a burning altar of Makhleb.
 19261 | Orc:2    | Noticed an orc warlord
 19274 | Orc:2    | Killed an orc warlord
 19281 | Orc:2    | Received a gift from Okawaru
 19325 | Orc:2    | Found Setez's Antique Weapon Emporium.
 19325 | Orc:2    | Found a roughly hewn altar of Beogh.
 19393 | Orc:2    | Found Luihem's Antique Armour Shoppe.
 19490 | Orc:2    | Found a roughly hewn altar of Beogh.
 19492 | Orc:2    | Found Coiqier's Distillery.
 19588 | Orc:2    | Found a roughly hewn altar of Beogh.
 19627 | Orc:2    | Found a roughly hewn altar of Beogh.
 19628 | Orc:2    | Found Cecw's Antique Weapon Emporium.
 19911 | D:7      | Bought a scroll of acquirement for 832 gold pieces
 19911 | D:7      | Bought a scroll of enchant weapon for 120 gold pieces
 19911 | D:7      | Bought a scroll of identify for 32 gold pieces
 19911 | D:7      | Bought a scroll of enchant armour for 120 gold pieces
 19911 | D:7      | Bought a scroll of enchant armour for 120 gold pieces
 19918 | D:7      | Got a faintly glowing helmet
 19929 | D:7      | Identified the +2 helmet of the Seven Dances {rElec rPois Dex-3} (You acquired it on level 7 of the Dungeon)
 20266 | D:11     | Gained mutation: You are resistant to hostile enchantments. (MR+) [mutagenic meat]
 20303 | D:11     | Noticed Erolcha
 20310 | D:11     | Killed Erolcha
 20564 | D:11     | Found a burning altar of Makhleb.
 20755 | D:11     | Noticed Erica
 20756 | D:11     | Noticed Urug
 20761 | D:11     | Killed Erica
 20761 | D:11     | Received a gift from Okawaru
 20771 | D:11     | Killed Urug
 20917 | D:12     | Noticed Harold
 20940 | D:12     | Killed Harold
 21965 | D:13     | Reached skill level 10 in Shields
 21987 | D:13     | Found a gate to the Vaults.
 22700 | D:13     | Received a gift from Okawaru
 22700 | D:13     | Reached XP level 15. HP: 78/114 MP: 22/22
 23481 | D:15     | Entered Level 15 of the Dungeon
 23582 | D:15     | Received a gift from Okawaru
 23994 | D:15     | Found a staircase to the Depths.
 24130 | D:15     | Received a gift from Okawaru
 24536 | D:15     | Received a gift from Okawaru
 24586 | D:15     | Reached skill level 15 in Axes
 24997 | D:15     | Gained mutation: You are occasionally teleported next to monsters. [mutagenic meat]
 24999 | D:15     | Gained mutation: Your body sometimes deteriorates upon taking damage. [mutagenic meat]
 25000 | D:15     | Gained mutation: You tend to lose your temper in combat. [mutagenic meat]
 25004 | D:15     | Gained mutation: You expend magic power (3 MP) to strengthen your wands. [mutagenic meat]
 25006 | D:15     | Gained mutation: You are sometimes teleported next to monsters. [mutagenic meat]
 25007 | D:15     | Lost mutation: Your muscles are strong. (Str +2) [mutagenic meat]
 25008 | D:15     | Lost mutation: You are very robust. (+20% HP) [potion of mutation]
 25008 | D:15     | Lost mutation: You are dopey. (Int -2) [potion of mutation]
 25008 | D:15     | Lost mutation: You are resistant to hostile enchantments. (MR+) [potion of mutation]
 25008 | D:15     | Lost mutation: You expend magic power (3 MP) to strengthen your wands. [potion of mutation]
 25008 | D:15     | Lost mutation: You tend to lose your temper in combat. [potion of mutation]
 25008 | D:15     | Lost mutation: Your body sometimes deteriorates upon taking damage. [potion of mutation]
 25008 | D:15     | Gained mutation: You are very robust. (+20% HP) [potion of mutation]
 25008 | D:15     | Gained mutation: You are somewhat resistant to further mutation. [potion of mutation]
 25133 | Depths:1 | Entered Level 1 of the Depths
 25164 | Depths:1 | Gained mutation: You are powered by pain. [demonic ancestry]
 25164 | Depths:1 | Reached XP level 16. HP: 79/127 MP: 23/23
 25165 | Depths:1 | Reached skill level 15 in Armour
 25446 | Depths:1 | Received a gift from Okawaru
 25446 | Depths:1 | Reached skill level 5 in Fighting
 25780 | Depths:1 | Found a one-way gate to the infinite horrors of the Abyss.
 25862 | Depths:1 | Found a gateway to Hell.
 27340 | Swamp:1  | Entered Level 1 of the Swamp
 27475 | Swamp:1  | Received a gift from Okawaru
 27920 | Swamp:1  | Noticed a tentacled monstrosity
 27934 | Swamp:1  | Killed a tentacled monstrosity
 28059 | Swamp:1  | Noticed Aizul
 28082 | Swamp:1  | Killed Aizul
 28421 | Swamp:2  | Reached XP level 17. HP: 120/146 MP: 25/27
 28627 | Swamp:2  | Received a gift from Okawaru
 28686 | Swamp:2  | Got a pair of ichor-stained boots {god gift}
 28697 | Swamp:2  | Identified the +0 pair of boots "Vodek" {Str-3 Int+5 SInv} (Okawaru gifted it to you on level 2 of the Swamp)
 29975 | Swamp:4  | Entered Level 4 of the Swamp
 30357 | Swamp:4  | Reached skill level 10 in Fighting
 30364 | Swamp:4  | Reached skill level 15 in Invocations
 30364 | Swamp:4  | Received a gift from Okawaru
 30641 | Swamp:4  | Received a gift from Okawaru
 31082 | Swamp:4  | Got a decaying rune of Zot
 31477 | Snake:1  | Entered Level 1 of the Snake Pit
 31760 | Snake:1  | Gained mutation: Your magical and physical power is enhanced at high health. [demonic ancestry]
 31760 | Snake:1  | Reached XP level 18. HP: 152/163 MP: 29/29
 31793 | Snake:1  | Noticed Kirke
 31802 | Snake:1  | Killed Kirke
 31926 | Snake:1  | Found Ciorch's Magic Scroll Emporium.
 31934 | Snake:1  | Bought a scroll of teleportation for 54 gold pieces
 31934 | Snake:1  | Bought a scroll of identify for 36 gold pieces
 31934 | Snake:1  | Bought a scroll of summoning for 171 gold pieces
 31934 | Snake:1  | Bought a scroll of identify for 36 gold pieces
 32098 | Snake:2  | Reached skill level 5 in Dodging
 32847 | Snake:3  | Received a gift from Okawaru
 33458 | Snake:3  | Found Ypiugesm's Armour Boutique.
 33670 | Snake:3  | Found Feaciy's Weapon Emporium.
 33779 | Snake:3  | Found Gesytag's Food Emporium.
 33914 | Snake:4  | Entered Level 4 of the Snake Pit
 33938 | Snake:4  | Got a brightly glowing plate armour
 33939 | Snake:4  | Identified the cursed +1 plate armour "Piukkac" {*Drain Int+6 Dex+2 SInv} (You found it on level 4 of the Snake Pit)
 34474 | Snake:4  | HP: 3/163 [salamander mystic/bolt of magma (12)]
 34488 | Snake:4  | Noticed removed's ghost (adept DsGl)
 34654 | Snake:4  | Received a gift from Okawaru
 34677 | Snake:4  | Reached XP level 19. HP: 90/170 MP: 31/31
 35259 | Snake:4  | Got a serpentine rune of Zot
 35286 | Snake:4  | Killed removed's ghost
 35356 | Snake:4  | Received a gift from Okawaru
 35533 | Snake:4  | Got a polished broad axe {god gift}
 35535 | Snake:4  | Identified the +1 broad axe "Ledioqunu" {flame, rN+ MR+ Int-2 Dex+3} (Okawaru gifted it to you on level 4 of the Snake Pit)
 36961 | Vaults:1 | Entered Level 1 of the Vaults
 37069 | Vaults:1 | Received a gift from Okawaru
 37908 | Vaults:1 | Reached skill level 10 in Dodging
 38633 | Vaults:2 | Found Durijyr's General Store.
 38639 | Vaults:2 | Bought a scroll of enchant weapon for 127 gold pieces
 38719 | Vaults:2 | Noticed Mara
 38731 | Vaults:2 | Noticed KristoblXynda's illusion
 38952 | Vaults:2 | Received a gift from Okawaru
 39042 | Vaults:2 | Reached XP level 20. HP: 115/177 MP: 31/33
 39461 | Vaults:2 | Noticed KristoblXynda's illusion
 40153 | Vaults:2 | Found a staircase to the Crypt.
 40153 | Vaults:2 | Found an ancient bone altar of Kikubaaqudgha.
 40154 | Vaults:2 | Found a basalt altar of Yredelemnul.
 40453 | Vaults:3 | Received a gift from Okawaru
 40865 | Vaults:3 | Noticed Asterion
 41005 | Vaults:3 | HP: 9/180 [deep troll[an ironheart preserver] (6)]
 41010 | Vaults:3 | HP: 6/180 [poisoned by Asterion]
 41018 | Vaults:3 | HP: 7/180 [poisoned by Asterion]
 41287 | Vaults:3 | Killed Asterion
 42209 | Vaults:2 | Noticed KristoblXynda's illusion
 42569 | Depths:2 | Paralysed by an ogre mage for 3 turns
 42685 | Depths:2 | Received a gift from Okawaru
 43170 | Depths:2 | Found a gateway to a ziggurat.
 43191 | Depths:2 | Noticed Nikola
 43204 | Depths:2 | Reached XP level 21. HP: 136/189 MP: 28/35
 43216 | Depths:2 | Killed Nikola
 43762 | Depths:2 | Got a pair of spiked boots
 43766 | Depths:2 | Identified the cursed +0 pair of boots of Contentment {rElec} (You found it on level 2 of the Depths)
 43922 | Depths:2 | Found a one-way gate leading to the halls of Pandemonium.
 44774 | Depths:3 | Received a gift from Okawaru
 45552 | Depths:3 | Reached XP level 22. HP: 185/200 MP: 36/36
 45637 | Depths:3 | Identified the Volume of Torrid Boosts
 45822 | Depths:3 | Got an ancient battleaxe
 45823 | Depths:3 | Identified the +4 battleaxe of Defiance {pain, *Rage MP+9 SInv} (You found it on level 3 of the Depths)
 46154 | Depths:3 | Reached skill level 10 in Evocations
 46674 | Depths:4 | Paralysed by a sphinx for 3 turns
 47057 | Depths:4 | Noticed a juggernaut
 47067 | Depths:4 | Received a gift from Okawaru
 47069 | Depths:4 | Noticed a caustic shrike
 47074 | Depths:4 | Killed a juggernaut
 47074 | Depths:4 | Reached XP level 23. HP: 158/211 MP: 24/37
 47076 | Depths:4 | Noticed a juggernaut
 47085 | Depths:4 | Got a pitted cloak
 47086 | Depths:4 | Identified the +2 cloak of Mumblety Peg {MR- rCorr SInv} (You found it on level 4 of the Depths)
 47157 | Depths:4 | Got a brightly glowing battleaxe {god gift}
 47158 | Depths:4 | Identified the +9 battleaxe "Vyeluac" {venom, +Rage} (Okawaru gifted it to you on level 4 of the Depths)
 47284 | Depths:5 | Entered Level 5 of the Depths
 47377 | Depths:5 | Paralysed by a vampire knight for 2 turns
 47778 | Depths:5 | Lost mutation: You are very robust. (+20% HP) [potion of mutation]
 47778 | Depths:5 | Lost mutation: You are somewhat resistant to further mutation. [potion of mutation]
 47778 | Depths:5 | Lost mutation: Your spells are a little harder to cast, but a little more powerful. [potion of mutation]
 47778 | Depths:5 | Gained mutation: You have a pair of small horns on your head. [potion of mutation]
 47778 | Depths:5 | Gained mutation: Your spells are a little harder to cast, but a little more powerful. [potion of mutation]
 47779 | Depths:5 | Lost mutation: You are robust. (+10% HP) [potion of mutation]
 47779 | Depths:5 | Lost mutation: Your spells are a little harder to cast, but a little more powerful. [potion of mutation]
 47779 | Depths:5 | Gained mutation: Your mind is acute. (Int +2) [potion of mutation]
 47779 | Depths:5 | Gained mutation: You have an increased reservoir of magic. (+10% MP) [potion of mutation]
 47780 | Depths:5 | Lost mutation: You have a pair of small horns on your head. [potion of mutation]
 47780 | Depths:5 | Lost mutation: Your mind is acute. (Int +2) [potion of mutation]
 47780 | Depths:5 | Lost mutation: You have an increased reservoir of magic. (+10% MP) [potion of mutation]
 47780 | Depths:5 | Gained mutation: Your mind is acute. (Int +2) [potion of mutation]
 47780 | Depths:5 | Gained mutation: You are somewhat resistant to further mutation. [potion of mutation]
 47781 | Depths:5 | Lost mutation: You are somewhat resistant to further mutation. [potion of mutation]
 47781 | Depths:5 | Lost mutation: Your mind is acute. (Int +2) [potion of mutation]
 47781 | Depths:5 | Lost mutation: You are sometimes teleported next to monsters. [potion of mutation]
 47781 | Depths:5 | Lost mutation: You are occasionally teleported next to monsters. [potion of mutation]
 47781 | Depths:5 | Gained mutation: Your spells are a little harder to cast, but a little more powerful. [potion of mutation]
 47781 | Depths:5 | Gained mutation: You have large cloven feet. [potion of mutation]
 48136 | Depths:5 | Lost mutation: Your spells are a little harder to cast, but a little more powerful. [potion of mutation]
 48136 | Depths:5 | Lost mutation: You have large cloven feet. [potion of mutation]
 48136 | Depths:5 | Gained mutation: You are covered in fur. (AC +1) [potion of mutation]
 48136 | Depths:5 | Gained mutation: You have a pair of small antennae on your head. [potion of mutation]
 48482 | Lair:1   | Learned a level 1 spell: Summon Butterflies
 48486 | Lair:1   | Learned a level 3 spell: Regeneration
 48492 | Lair:1   | Learned a level 5 spell: Silence
 48499 | Lair:1   | Learned a level 6 spell: Deflect Missiles
 48853 | D:12     | Received a gift from Okawaru
 49460 | Vaults:3 | Identified the Incunabulum of Mutagenic Curses
 50491 | Vaults:4 | Noticed Jorgrun
 50505 | Vaults:4 | Killed Jorgrun
 51134 | Vaults:5 | Entered Level 5 of the Vaults
 51136 | Vaults:5 | Noticed Frederick
 51606 | Vaults:5 | Received a gift from Okawaru
 51623 | Vaults:5 | Killed Frederick
 51623 | Vaults:5 | Reached XP level 24. HP: 24/187 MP: 4/37
 51629 | Vaults:5 | Paralysed by a sphinx for 2 turns
 51630 | Vaults:5 | HP: 4/187 [Hell Sentinel[a deep elf demonologist] (12)]
 51631 | Vaults:5 | Mangled by a Hell Sentinel

Vault maps used:
D:1:      dpeg_arrival_tiny_i
D:2:      gammafunk_temple_overflow_statue, chequers_ecumenical_altar_island,
          small_statue_intersection, hangedman_abyss_or_decor_lesser_grid,
          uniq_crazy_yiuf_cottage
D:3:      tso_metal_star, first_bread, cheibrodos_ashenzari_chains
D:4:      elyvilon_altar_4, serial_shops,
          nicolae_shop_competitors_out_of_business, serial_bayou_pond_d,
          okawaru_metal_pillars_1_2
D:5:      minmay_a_box_with_orc_wizards_in_it
D:6:      portal_sewer_entry_f
D:7:      minmay_temple_entry_statues_fountains, serial_shops, shop, shop, shop,
          shop_fountains, shop_fountains, the_bakery,
          nemelex_diamond_rough_becter
D:8:      lemuel_coloured_pillars_altar, gammafunk_temple_overflow_arena,
          basic_altar, serial_shops, shop, item_on_display_a
D:9:      orc_0_dummy
D:10:     minmay_lair_entry_grove, st_stairs_7
D:11:     basic_altar, kennysheep_generic_room_16, uniq_urug, uniq_erolcha,
          uniq_erica
D:12:     serial_aquarium, aquarium_bridge_island_small, aquarium_window_1,
          aquarium_window_1, aquarium_window_fake, aquarium_view_2d,
          aquarium_view_2b, kennysheep_generic_room_5, uniq_harold
D:13:     grunt_vaults_entry_tiered
D:15:     gammafunk_depths_entry_grave, minmay_misc_feat_plants,
          minmay_guarded_unrand_prune
Temple:   regret_index_temple_sphere_string
Lair:1:   serial_bayou_pond_d, uniq_nergalle
Lair:3:   minmay_swamp_entry_worms, lab_entry_generic, serial_bayou_shore_b,
          infiniplex_staircase_pool_2, minmay_lair_oklob_chamber
Lair:4:   guppyfry_snake_entry_garden, st_stairs_10, grunt_megastairs_1,
          serial_bayou_shore_b, lemuel_fruit_fields
Lair:5:   slime_altar_1, serial_bayou_shore_a, grunt_megastairs_2
Lair:6:   gammafunk_lair_ancient_temple, minmay_lair_oklob_items,
          serial_bayou_lake_a, uniq_snorg
Swamp:1:  nicolae_swamp_round_clearing, hangedman_swamp_muck, uniq_aizul
Swamp:2:  infiniplex_staircase_pool
Swamp:3:  serial_swamp_ruin, evilmike_swamp_ruin_house_5,
          evilmike_swamp_ruin_rubble_2, swamp_pool1
Swamp:4:  swamp_basic_johnstein
Snake:1:  serial_shops, shop, grunt_ministairs_11, uniq_kirke
Snake:2:  spider_trap
Snake:3:  serial_shops, shop, shop, shop, spider_trap
Snake:4:  snake_pit_salamanders_mu
Orc:2:    grunt_orc_community_town_hall, grunt_orc_community_big_house_1,
          grunt_orc_community_big_house_1, grunt_orc_community_house_2,
          grunt_orc_community_house_3, grunt_orc_community_house_3,
          grunt_orc_community_house_1, bloody_makhleb
Vaults:1: ontoclasm_vaults_tryst, st_cross, nicolae_vaults_network_s,
          nicolae_vaults_little_squares_6, v_alt_pattern_5,
          nicolae_vaults_big_angled_halls, v_rooms_3,
          nicolae_vaults_little_squares_6, hangedman_vaults_impose,
          dpeg_vaults_monster_box, nicolae_vaults_shelves_hall,
          grunt_vaults_funnel, v_misc_17, nicolae_vaults_theta, v_misc_11,
          ontoclasm_vaults_ring_square, ontoclasm_vaults_ligature,
          nicolae_vaults_angled_halls
Vaults:2: ontoclasm_vaults_fault, minmay_crypt_entry_necro_gods,
          vaults_mumra_minichess, hangedman_vaults_stretched_pinwheel,
          ontoclasm_vaults_spin, v_misc_14, nicolae_vaults_yaktaur_gun_rack,
          vaults_dpeg_diagonal, nicolae_vaults_little_squares_1, v_misc_15,
          serial_shops, nicolae_shop_statue_plus, uniq_mara
Vaults:3: v_alt_pattern_4, v_pattern_1, vaults_room_ringed_pool,
          grunt_vaults_bifocal, nicolae_vaults_little_squares_4,
          nicolae_vaults_big_ls, vaults_room_fancy_cross,
          vaults_standard_mumra_x, hangedman_vaults_maws, uniq_asterion
Vaults:4: ontoclasm_vaults_decontamination, vaults_room_corners,
          nicolae_vaults_asterisk, nicolae_vaults_theta,
          ontoclasm_vaults_claustrophobia, hangedman_vaults_slither,
          serial_ice_m, hangedman_vaults_stretched_pinwheel,
          ontoclasm_vaults_chip, nicolae_vaults_little_squares_5, uniq_jorgrun
Vaults:5: uniq_frederick, uniq_sojobo
Depths:1: abyss_entry, kennysheep_flooded_box, hell_entry, grunt_ministairs_12,
          eino_small_chamber_without_monster, roderic_lattice_a,
          hangedman_abyss_or_decor_stagger, feat_on_display
Depths:2: evilmike_cross, enter_ziggurat_f, rand_demon_pan_entry_9,
          minmay_hedge_maze, hell_entry, minmay_crystal_water,
          serial_bayou_shore_b, uniq_nikola
Depths:3: vault_1, hangedman_abyss_entry_splay, hangedman_tar_grid_catacomb,
          rand_demon_pan_entry_4, serial_bayou_shore_b
Depths:4: minmay_expanding_circles, minmay_room_of_horrors,
          grunt_hell_entry_dis_mu, serial_sigils_hangedman_gut
Depths:5: grunt_x_marks_the_spot, pan_entry, serial_sigils,
          serial_sigils_hangedman_shear, serial_sigils_hangedman_carve,
          serial_sigils_hangedman_clutch, serial_sigils_hangedman_gut,
          serial_sigils_hangedman_stare, serial_shops, nicolae_shop_crystal,
          hell_entry, hallowed_hall, basic_stair_grate_trap
Lab:      labyrinth_mini_lab
Sewer:    sewer_minmay_treatment

Skill      XL: |  1  2  3  4  5  6  7  8  9 10 11 12 13 14 15 16 17 18 19 20 21 22 23 |
---------------+----------------------------------------------------------------------+-----
Dodging        | 3 4 8 10 | 10.8
Armour         | 1 2 3 4 6 7 9 10 11 12 13 14 16 17 18 19 20 | 20.7
Axes           | 3 4 5 7 8 9 10 11 13 14 15 16 17 | 17.5
Shields        | 1 3 4 5 8 10 11 | 11.9
Invocations    | 4 7 10 13 15 17 19 20 | 20.0
Evocations     | 4 6 8 9 10 12 | 12.6
Fighting       | 4 8 10 11 12 13 14 | 14.9
Spellcasting   | 4 |  4.0
Throwing       | |  1.7

Action                   |  1- 3 |  4- 6 |  7- 9 | 10-12 | 13-15 | 16-18 | 19-21 | 22-24 || total
-------------------------+-------+-------+-------+-------+-------+-------+-------+-------++-------
Melee: War axe           |    69 |   107 |   308 |   495 |    82 |   585 |       |       ||  1646
       Broad axe         |       |       |       |    76 |  1124 |   535 |  1275 |   566 ||  3576
Invok: Finesse           |       |       |       |       |       |       |     2 |     2 ||     4
Evoke: Wand              |       |       |     2 |       |     7 |     6 |    13 |     2 ||    30
       Phantom mirror    |       |       |       |       |       |     1 |       |       ||     1
       Lightning rod     |       |       |       |       |       |     4 |       |     2 ||     6
       Fan of gales      |       |       |       |       |       |     1 |     2 |     2 ||     5
       Box of beasts     |       |       |       |       |       |       |     2 |       ||     2
  Use: Scroll            |     3 |     6 |     8 |    13 |    23 |    16 |    21 |    10 ||   100
       Potion            |       |     2 |     4 |     2 |     9 |    15 |    16 |    15 ||    63
 Stab: Sleeping          |     1 |       |       |       |       |       |       |       ||     1
       Confused          |       |       |       |       |       |     2 |       |       ||     2
       Distracted        |       |       |       |       |       |       |     1 |     1 ||     2
  Eat: Chunk             |     1 |     3 |    15 |    20 |    26 |     2 |     8 |     5 ||    80
       Royal jelly       |       |     1 |       |     1 |     3 |     3 |     7 |     2 ||    17
       Fruit             |       |     3 |     3 |     2 |     8 |    11 |     9 |     7 ||    43
       Meat ration       |       |       |       |       |     3 |     3 |     1 |     1 ||     8
Armor: Leather armour    |    32 |       |       |       |       |       |       |       ||    32
       Chain mail        |     6 |    66 |   148 |       |       |       |       |       ||   220
       Skin              |       |       |    28 |       |       |       |       |       ||    28
       Fire dragon scale |       |       |    15 |   191 |       |       |       |       ||   206
       Gold dragon scale |       |       |       |   183 |   985 |  1011 |   870 |   395 ||  3444
Dodge: Dodged            |    56 |    41 |   105 |   254 |   271 |   322 |   457 |   239 ||  1745
       Deflected         |       |       |       |       |    13 |    42 |    89 |    23 ||   167
Block: Buckler           |       |    10 |    86 |   177 |   514 |   473 |   446 |   194 ||  1900
